 Dungeon Crawl Stone Soup version 0.30-a0-772-g5528072125 (webtiles) character file.

Game seed: 4916731317143672272

7305 Crownlay the Grappler (level 10, -19/147 HPs)
             Began as a Troll Berserker on Feb 12, 2023.
             Was a Priest of Trog.
             Demolished by an orc knight
             ... wielding a +0 halberd
              (23 damage)
             ... in a bailey.
             The game lasted 00:14:24 (6594 turns).

Crownlay the Grappler (Troll Berserker)             Turns: 6594, Time: 00:14:24

Health: -19/147    AC:  5    Str: 31    XL:     10   Next: 90%
Magic:  9/9        EV: 11    Int:  3    God:    Trog [***...]
Gold:   691        SH:  0    Dex:  9    Spells: 9/9 levels left

rFire   . . .      SeeInvis .      - Unarmed
rCold   + . .      Faith    .    (no shield)
rNeg    . . .      Spirit   .    w - +1 robe {rC+}
rPois   .          Reflect  .    (helmet restricted)
rElec   .          Harm     .    (no cloak)
rCorr   .          Rampage  .    (gloves unavailable)
Will    ++...                    (boots unavailable) Stlth
                                 (no amulet)
HPRegen 2.24/turn                (no ring)
MPRegen 0.11/turn                (no ring)

@: berserking, strong-willed, regenerating, very quick
A: large, unfitting armour, claws 3, regeneration 1, shaggy fur 1, tough skin 1
a: Renounce Religion, Berserk, Trog's Hand


You were in a bailey.
You worshipped Trog.
Trog was most pleased with you.
You visited 1 branch of the dungeon, and saw 9 of its levels.
You also visited: Bailey.

You collected 691 gold pieces.

Inventory:

Missiles
 c - 3 atropa-tipped darts (quivered)
 t - 2 throwing nets
 y - 5 silver javelins
Armour
 u - a +2 robe
 w - a +1 robe of cold resistance (worn)
Jewellery
 B - a ring of protection from fire
Wands
 s - a wand of mindburst (11)
 x - a wand of flame (11)
 C - a wand of quicksilver (8)
Scrolls
 a - a scroll of amnesia {unknown}
 b - 4 scrolls of teleportation
 d - 3 scrolls of fear
 e - 2 scrolls of fog
 j - a scroll of magic mapping {unknown}
 k - 2 scrolls of enchant armour
 l - a scroll of immolation
 q - 3 scrolls of enchant weapon
 v - 2 scrolls of blinking
 A - 2 scrolls of poison
 E - 4 scrolls of brand weapon
 F - a scroll of torment {unknown}
Potions
 f - 3 potions of curing {unknown}
 g - 2 potions of heal wounds
 h - a potion of might {unknown}
 i - a potion of haste {unknown}
 m - 2 potions of invisibility
 n - 2 potions of attraction {unknown}
 o - a potion of magic {unknown}
 p - a potion of ambrosia {unknown}
 r - 2 potions of mutation {unknown}
 z - a potion of flight {unknown}
 D - a potion of degeneration {unknown}


   Skills:
 + Level 5.7 Fighting
 + Level 5.3 Throwing
 + Level 5.0 Armour
 + Level 5.8 Dodging
 * Level 7.0 Shields
 * Level 9.0 Unarmed Combat


You had 9 spell levels left.
You didn't know any spells.
Your spell library was empty.

Dungeon Overview and Level Annotations

Branches:
Dungeon (9/15)             Temple (0/1) D:6            Lair (0/5) D:9
    Orc (0/2) D:9          Bailey (1/1)

Altars:
Okawaru
Qazlal
Xom
Zin

Shops:
D:4 (

Annotations:
D:2 Natasha
D:9 Erolcha


Innate Abilities, Weirdness & Mutations

You are too large for most types of armour.
You have claws for hands.
Your natural rate of healing is unusually fast.
You are covered in fur. (AC +1)
You have tough skin. (AC +1)


Message History

You see here a +5 antimagic arbalest.
As you open the door, it creaks loudly! 2 orc knights and an orc warrior come into view.
The orc knight shouts!
The orc warrior shouts!
The orc knight roars a battlecry!
The orcs go into a battle-frenzy!
The orc knight roars a battlecry!
The orc knight goes into a battle-frenzy!
Found a scroll of acquirement and a glowing triple crossbow.
Your skin crawls.
You feel strong-willed.
The orc knight hits you from afar with a +0 halberd!
There is an open gate here.
Really read the scroll of immolation? [Y]es or [N]o only, please.
Really read the scroll of immolation?
As you read the scroll of immolation, it crumbles to dust.
The creatures around you are filled with an inner flame!
The orc knight hits you from afar with a +0 halberd!!!
A red film seems to cover your vision as you go berserk!
You feel yourself moving faster!
You feel mighty!
The orc knight hits you from afar with a +0 halberd!
You feel a strong urge to attack something.
The orc knight hits you with a +0 halberd!!
* * * LOW HITPOINT WARNING * * *
The orc knight hits you with a +0 halberd!!
* * * LOW HITPOINT WARNING * * *
The orc warrior hits you but does no damage.
There is an open gate, spattered with blood here.
You claw the orc knight!
Flame seeps out of the orc knight. x2
You claw the orc knight!!
The orc knight is severely wounded.
You closely miss the orc knight.
The orc knight is severely wounded.
The orc knight is engulfed in blazing flames.
Flame seeps out of the orc knight.
The orc knight hits you with a +0 halberd!
* * * LOW HITPOINT WARNING * * *
The orc knight hits you with a +0 halberd!!
You die...

....≈≈≈≈≈.................≈≈≈≈≈..
...≈≈###≈≈...............≈≈###≈≈.
...≈##.##≈...............≈##.##≈.
...≈#.)))...................).#≈.
...≈##.∩#≈...............≈#∩)##≈.
...≈≈#.##≈....#######....≈##)#≈≈.
....≈≈.≈≈≈...##....##....≈≈≈.≈≈..
............##.....##............
...........##..#@''##............
...........#..##oo∩##..##........
..........##.####o####.##........
..........##.')#...#)'.##........
..........##.###.8.###.##........
..........##.')#).?#)'.##........
..........##.#########.##........
...........#..##)#)##..#.........
...........##..#'#'#..##.........


You could see 2 orc knights and an orc warrior (inner flame, strong).

Vanquished Creatures
  A two-headed ogre (D:8)
  Pikel (D:5)
  Psyche (D:8)
  Sigmund (D:5)
  12 yaks
  Edmund (D:4)
  4 water moccasins
  13 orc warriors
  An ice beast (D:7)
  2 sky beasts
  2 black bears
  A centaur (D:8)
  3 phantoms (D:5)
  A bullfrog (D:6)
  A kobold brigand (D:9)
  Blork the orc (D:5)
  A scorpion (D:6)
  4 wights (D:8)
  3 killer bees (D:7)
  2 howler monkeys
  4 hounds
  3 orc priests
  2 gnoll boudas
  Ijyb (D:4)
  Natasha (twice) (D:2)
  8 orc wizards
  Robin (D:2)
  9 adders
  12 gnolls
  A shadow imp (D:6)
  2 ufetubi
  A worm (D:2)
  3 dart slugs
  45 orcs
  2 endoplasms
  3 giant cockroaches
  8 hobgoblins
  5 jackals (D:2)
  12 kobolds
  6 quokkas
  8 ball pythons
  4 bats
  5 frilled lizards
  19 goblins
  3 rats
225 creatures vanquished.

Vanquished Creatures (others)
  A kobold (D:9)
1 creature vanquished.

Grand Total: 226 creatures vanquished

Notes
Turn   | Place    | Note
-------+----------+-------------------------------------------
     0 | D:1      | Crownlay the Troll Berserker began the quest for the Orb.
     0 | D:1      | Reached XP level 1. HP: 22/22 MP: 0/0
   161 | D:1      | Reached XP level 2. HP: 29/29 MP: 1/1
   237 | D:1      | Found a faded altar of an unknown god.
   506 | D:2      | Reached XP level 3. HP: 35/36 MP: 2/2
   585 | D:2      | Reached ** piety under Trog
   586 | D:2      | Reached skill level 1 in Armour
   631 | D:2      | Noticed Natasha
   641 | D:2      | Killed Natasha
   642 | D:2      | Reached XP level 4. HP: 44/44 MP: 3/3
   707 | D:2      | Reached skill level 1 in Throwing
   839 | D:2      | Noticed Natasha
   849 | D:2      | Killed Natasha
   850 | D:2      | Reached XP level 5. HP: 39/53 MP: 4/4
  1040 | D:2      | Noticed Robin
  1061 | D:2      | Killed Robin
  1186 | D:2      | Noticed Natasha
  1209 | D:3      | Found an iron altar of Okawaru.
  1267 | D:3      | Reached *** piety under Trog
  1509 | D:3      | Reached skill level 4 in Unarmed Combat
  1848 | D:4      | Found Jovokyij's Antique Weapon Boutique.
  1895 | D:4      | Noticed Edmund
  1905 | D:4      | Killed Edmund
  1906 | D:4      | Reached XP level 6. HP: 61/61 MP: 5/5
  2116 | D:4      | Noticed Ijyb
  2122 | D:4      | Killed Ijyb
  2511 | D:5      | Entered Level 5 of the Dungeon
  2551 | D:5      | Reached skill level 1 in Shields
  2556 | D:5      | Reached XP level 7. HP: 32/67 MP: 6/6
  2638 | D:5      | Noticed Blork the orc
  2648 | D:5      | Killed Blork the orc
  2876 | D:5      | Reached skill level 5 in Unarmed Combat
  2986 | D:5      | Noticed Sigmund
  3001 | D:5      | Killed Sigmund
  3145 | D:5      | Noticed Pikel
  3150 | D:5      | Reached XP level 8. HP: 69/78 MP: 7/7
  3176 | D:5      | Killed Pikel
  3177 | D:5      | Reached skill level 6 in Unarmed Combat
  3783 | D:6      | Reached XP level 9. HP: 45/85 MP: 8/8
  3844 | D:6      | Found a staircase to the Ecumenical Temple.
  4358 | D:7      | Identified the +5 ring mail "Goarin" {Fly rN+ SInv}
  4692 | D:7      | Reached skill level 7 in Unarmed Combat
  4756 | D:7      | Reached **** piety under Trog
  4762 | D:7      | Reached skill level 5 in Shields
  4968 | D:8      | Found a stormy altar of Qazlal.
  4974 | D:8      | Found a shimmering altar of Xom.
  5044 | D:8      | Noticed a two-headed ogre
  5055 | D:8      | Killed a two-headed ogre
  5056 | D:8      | Reached skill level 5 in Dodging
  5100 | D:8      | Found a glowing silver altar of Zin.
  5172 | D:8      | Reached skill level 5 in Fighting
  5228 | D:8      | Reached XP level 10. HP: 47/96 MP: 9/9
  5302 | D:8      | Noticed Psyche
  5309 | D:8      | Killed Psyche
  5310 | D:8      | Reached skill level 8 in Unarmed Combat
  5950 | D:9      | Found a staircase to the Lair.
  5977 | D:9      | Found a staircase to the Orcish Mines.
  6038 | D:9      | Noticed a two-headed ogre
  6047 | D:9      | Reached skill level 5 in Throwing
  6074 | D:9      | Found a flagged portal.
  6101 | D:9      | Noticed Erolcha
  6103 | Bailey   | Entered a bailey
  6316 | Bailey   | Reached skill level 9 in Unarmed Combat
  6501 | Bailey   | Reached skill level 5 in Armour
  6586 | Bailey   | Noticed an orc knight
  6586 | Bailey   | Noticed an orc knight
  6594 | Bailey   | HP: 4/147 [orc knight/+0 halberd (15)]
  6594 | Bailey   | Demolished by an orc knight

Illustrated notes

Levels and vault maps discovered:
D:1:      dpeg_arrival_short_road, layout_rooms,
          shapermc_ecumenical_altar_acropolis, minmay_lizard_pond
D:2:      layout_loops_cross, grunt_ministairs_9, uniq_robin, uniq_natasha
D:3:      layout_rooms, okawaru_ov_weapons_minmay, serial_rivers,
          chequers_serial_rivers_micro_e, chequers_serial_rivers_micro_e,
          chequers_serial_rivers_marsh, chequers_serial_rivers_large_b,
          chequers_serial_rivers_small_a
D:4:      layout_loops_ring, serial_shops, nicolae_shop_stone, st_stairs_3,
          minmay_misc_feat_rugged, minmay_misc_feat_enclosed, minivault_27,
          uniq_edmund, uniq_ijyb
D:5:      layout_loops_corners, uniq_blork_the_orc, uniq_pikel, uniq_sigmund
D:6:      layout_rooms, minmay_temple_entry_glass, serial_park_tiny_1,
          amcnicky_mini_corridor_feature, minivault_10
D:7:      layout_basic
D:8:      layout_basic, zin_treasury, mainiacjoe_overflow_large_starburst,
          dk_noncrumbling_2, uniq_psyche
D:9:      layout_gridville, lair_entry_dummy, minmay_orc_entry_temple_small,
          enter_bailey_6, minivault_13, uniq_maggie, uniq_grum, uniq_erolcha
Bailey:   bailey_polearm_2, bailey

Skill      XL: |  1  2  3  4  5  6  7  8  9 10 |
---------------+-------------------------------+-----
Armour         | 1 2 3 4 5 |  5.0
Dodging        | 3 4 5 |  5.8
Fighting       | 3 4 5 |  5.7
Throwing       | 1 2 3 4 5 |  5.3
Unarmed Combat | 4 5 6 7 9 |  9.0
Shields        | 1 2 4 5 7 |  7.0

Action                     |  1- 3 |  4- 6 |  7- 9 | 10-12 || total
---------------------------+-------+-------+-------+-------++-------
  Melee: Unarmed           |    81 |   157 |   250 |   215 ||   703
         Punch             |     3 |     3 |     6 |     7 ||    19
  Throw: Dart              |     1 |       |     2 |     1 ||     4
 Invoke: Berserk           |       |     4 |     3 |     7 ||    14
         Trog's Hand       |       |     2 |     3 |    11 ||    16
    Use: Scroll            |     3 |     1 |     6 |     6 ||    16
         Potion            |       |       |       |     4 ||     4
 Armour: Animal skin       |    27 |    39 |       |       ||    66
         Robe              |       |       |    64 |    80 ||   144
  Dodge: Dodged            |    56 |    83 |    85 |   175 ||   399

Table legend: (Time is in decaauts)
 A = Elapsed time spent in this place.
 B = Non-inter-level travel time spent in this place.
 C = Inter-level travel time spent in this place.
 D = Time resting spent in this place.
 E = Time spent auto-exploring this place.
 F = Levels seen in this place.
 G = Mean time per level.
                   A        B        C        D        E       F      G
               +--------+--------+--------+--------+--------+-----+--------+
         Total |   6620 |   6448 |    172 |     50 |   4887 |  10 |  662.0 |
       Dungeon |   6121 |   5949 |    172 |      0 |   4625 |   9 |  680.1 |
        Bailey |    499 |    499 |      0 |     50 |    261 |   1 |  499.0 |
               +--------+--------+--------+--------+--------+-----+--------+

Top non-repeatable levels by time:
     D:5: 918 daAuts
     D:8: 912 daAuts
     D:7: 871 daAuts
     D:2: 726 daAuts
     D:4: 725 daAuts
     D:6: 645 daAuts
     D:3: 615 daAuts
  Bailey: 499 daAuts
     D:1: 467 daAuts
     D:9: 237 daAuts
